 Dungeon Crawl Stone Soup version 0.30-a0-218-gedb9141078 (webtiles) character file.

Game seed: 13359172263143774716

402 heikuro the Shield-Bearer (level 7, -16/55 HPs)
             Began as a Formicid Fighter on Oct 5, 2022.
             Killed from afar by an oklob sapling (24 damage)
             ... with a splash of acid
             ... on level 4 of the Dungeon on Oct 6, 2022.
             The game lasted 00:07:42 (3601 turns).

heikuro the Shield-Bearer (Formicid Fighter)        Turns: 3601, Time: 00:07:43

Health: -16/55     AC:  3    Str: 22    XL:     7   Next: 11%
Magic:  7/7        EV:  9    Int:  8    God:
Gold:   128        SH:  5    Dex: 13    Spells: 6/6 levels left

rFire   . . .      SeeInvis +    a - +2 dagger (drain)
rCold   . . .      Faith    .    c - +0 buckler
rNeg    . . .      Spirit   .    m - +0 scale mail
rPois   .          Reflect  .    (helmet unavailable)
rElec   .          Harm     .    (no cloak)
rCorr   .          Rampage  .    (no gloves)
Will    .....                    (no boots)
Stlth   +.........               (no amulet)
HPRegen 0.29/turn                (no ring)
MPRegen 0.10/turn                (no ring)

@: corroded
A: permanent stasis, dig shafts and tunnels, antennae 3, four strong arms
a: Dig, Shaft Self


You were on level 4 of the Dungeon.
You visited 1 branch of the dungeon, and saw 4 of its levels.

You collected 128 gold pieces.

Inventory:

Hand Weapons
 a - a +2 dagger of draining (weapon)
 b - a +0 sling
 p - a +0 short sword of freezing
 q - a +0 long sword
Missiles
 e - 38 stones
 k - 11 poisoned darts (quivered)
 n - 2 throwing nets
Armour
 c - a +0 buckler (worn)
 m - a +0 scale mail (worn)
Scrolls
 g - a scroll of vulnerability {unknown}
 j - 2 scrolls of magic mapping {unknown}
 l - a scroll of summoning {unknown}
 o - a scroll of fear {unknown}
Potions
 d - a potion of ambrosia
 f - a potion of heal wounds
 h - a potion of might
 i - 2 potions of lignification


   Skills:
 + Level 4.5 Fighting
 * Level 4.1 Long Blades
 + Level 1.7 Ranged Weapons
 + Level 4.6 Armour
 - Level 2.0 Stealth
 + Level 5.5 Shields


You had 6 spell levels left.
You didn't know any spells.
Your spell library contained the following spells:

 Spells                   Type           Power      Damage    Failure   Level
 Freeze                   Ice            0%         1d3       78%         1
 Magic Dart               Conj           0%         1d3       78%         1
 Call Imp                 Summ           0%         N/A       89%         2
 Frozen Ramparts          Ice            0%         1d1       98%         3
 Hailstorm                Conj/Ice       0%         3d3       98%         3
 Mephitic Cloud           Conj/Pois/Air  0%         N/A       98%         3
 Portal Projectile        Hex/Tloc       0%         N/A       98%         3
 Tukima's Dance           Hex            0%         N/A       98%         3
 Ice Form                 Ice/Tmut       0%         N/A       100%        4
 Summon Ice Beast         Ice/Summ       0%         N/A       100%        4
 Blade Hands              Tmut           0%         N/A       100%        5


Dungeon Overview and Level Annotations

Branches:
Dungeon (4/15)             Temple (0/1) D:4

Altars:
Fedhas

Shops:
D:2 :   D:3 *

Annotations:
D:4 exclusion: oklob sapling, Blork the orc


Innate Abilities, Weirdness & Mutations

You cannot be hasted, slowed, berserked, paralysed or teleported.
You can dig through walls and to a lower floor.
You have a pair of large antennae on your head. (SInv)
Your four strong arms can wield two-handed weapons with a shield.


Message History

The plant is lightly damaged.
A nearby plant withers and dies.
You hit the plant. You drain the plant.
The plant is lightly damaged.
You hit the plant but do no damage. You drain the plant.
The plant is lightly damaged.
A nearby plant withers and dies.
You hit the oklob sapling. You drain the oklob sapling.
The oklob sapling is moderately damaged.
You hit the oklob sapling but do no damage.
You drain the oklob sapling.
The oklob sapling is heavily damaged.
You hit the oklob sapling but do no damage.
The oklob sapling is heavily damaged.
You hit the oklob sapling.
The oklob sapling is severely damaged.
You hit the oklob sapling but do no damage.
The oklob sapling is severely damaged.
You hit the oklob sapling.
The oklob sapling is severely damaged.
You hit the oklob sapling but do no damage.
The oklob sapling is severely damaged.
You hit the oklob sapling but do no damage.
The oklob sapling is severely damaged.
The oklob sapling spits acid at you. The splash of acid hits you!!
Ouch! That really hurt!
The acid corrodes you!
You hit the oklob sapling but do no damage.
The oklob sapling is severely damaged.
You hit the oklob sapling.
The oklob sapling is severely damaged.
The oklob sapling spits acid at you. The splash of acid hits you!!
* * * LOW HITPOINT WARNING * * *
You hit the oklob sapling but do no damage.
The oklob sapling is severely damaged.
The oklob sapling spits acid at you. The splash of acid hits you!!
You die...

#≈.≈# ..#.... #####.##
##.#.... ####...#.#
#...... ##........#
###....#
#........#####......#..
#.P.P..P.......##<.....
#..PPPP..###...........
#..P...................
##PPP>@P..#.......#o.#.
#P.PPPPP##.....g#.....
#.PPPP..##...... .....
#..PP.P.##...... . #..
##########...... .. ..


You could see an oklob sapling (very drained).

Vanquished Creatures
  Sigmund (D:4)
  Natasha (thrice) (D:3)
  Robin (D:2)
  4 gnolls (D:2)
  5 adders
  2 worms (D:2)
  2 dart slugs
  An orc (D:3)
  5 ball pythons
  6 bats
  4 endoplasms
  4 hobgoblins
  2 jackals (D:1)
  4 kobolds
  3 quokkas
  2 frilled lizards
  14 goblins
  3 rats
66 creatures vanquished.

Vanquished Creatures (others)
  11 fungi (D:4)
  2 plants (D:4)
13 creatures vanquished.

Grand Total: 79 creatures vanquished

Notes
Turn   | Place    | Note
-------+----------+-------------------------------------------
     0 | D:1      | heikuro the Formicid Fighter began the quest for the Orb.
     0 | D:1      | Reached XP level 1. HP: 18/18 MP: 1/1
   178 | D:1      | Reached XP level 2. HP: 24/24 MP: 2/2
   690 | D:2      | Found Ustostu's Book Shoppe.
   723 | D:2      | Reached XP level 3. HP: 30/30 MP: 3/3
   731 | D:2      | Noticed Robin
   823 | D:2      | Killed Robin
   944 | D:2      | Reached XP level 4. HP: 37/37 MP: 4/4
  1666 | D:2      | Reached XP level 5. HP: 42/42 MP: 5/5
  1734 | D:2      | Found a faded altar of an unknown god.
  1765 | D:2      | Reached skill level 1 in Stealth
  2209 | D:3      | Found Seocups's Assorted Antiques.
  2446 | D:3      | Reached skill level 5 in Shields
  2484 | D:3      | Noticed Natasha
  2495 | D:3      | Killed Natasha
  2496 | D:3      | Reached skill level 1 in Ranged Weapons
  2496 | D:3      | Reached XP level 6. HP: 35/48 MP: 6/6
  2566 | D:3      | Noticed Natasha
  2573 | D:3      | Killed Natasha
  2668 | D:3      | Found a blossoming altar of Fedhas.
  2771 | D:4      | Noticed Blork the orc
  2881 | D:3      | Found a blossoming altar of Fedhas.
  3153 | D:3      | Found Seocups's Assorted Antiques.
  3207 | D:3      | Noticed Natasha
  3217 | D:3      | Killed Natasha
  3497 | D:4      | Noticed Sigmund
  3509 | D:4      | Killed Sigmund
  3510 | D:4      | Reached XP level 7. HP: 44/55 MP: 7/7
  3577 | D:4      | Found a staircase to the Ecumenical Temple.
  3601 | D:4      | Killed from afar by an oklob sapling

Illustrated notes

Levels and vault maps discovered:
D:1:      heliophobic_arrival_glass_houses, layout_loops_ring
D:2:      layout_rooms, serial_shops, nicolae_shop_statue_plus,
          dreamdust_ecumenical_altar_angels_and_demons, moated_statue,
          uniq_robin
D:3:      layout_loops_ring, fedhas_altar_2, serial_shops, shop, uniq_natasha
D:4:      layout_rooms, okawaru_gym_becter, minmay_temple_entry_oklob,
          dreamdust_mushroom_princess, amcnicky_mini_rare_corridor_liquid,
          uniq_blork_the_orc, uniq_sigmund, uniq_ijyb

Skill      XL: |  1  2  3  4  5  6 |
---------------+-------------------+-----
Fighting       | 4 |  4.5
Armour         | 4 |  4.6
Stealth        | 1 2 |  2.0
Long Blades    | 3 4 |  4.1
Shields        | 5 |  5.5
Ranged Weapons | 1 |  1.7

Action                   |  1- 3 |  4- 6 |  7- 9 || total
-------------------------+-------+-------+-------++-------
Melee: Long sword        |    72 |   163 |       ||   235
       Dagger            |       |     9 |    16 ||    25
 Fire: Sling             |       |    31 |       ||    31
Throw: Dart              |       |     6 |       ||     6
  Use: Potion            |     1 |     1 |       ||     2
       Scroll            |       |     5 |       ||     5
Armor: Scale mail        |    43 |    90 |       ||   133
Dodge: Dodged            |    32 |    68 |       ||   100
Block: Buckler           |    19 |    53 |       ||    72

Table legend: (Time is in decaauts)
 A = Elapsed time spent in this place.
 B = Non-inter-level travel time spent in this place.
 C = Inter-level travel time spent in this place.
 D = Time resting spent in this place.
 E = Time spent auto-exploring this place.
 F = Levels seen in this place.
 G = Mean time per level.
                   A        B        C        D        E       F      G
               +--------+--------+--------+--------+--------+-----+--------+
         Total |   3677 |   3550 |    127 |    639 |   1804 |   4 |  919.2 |
       Dungeon |   3677 |   3550 |    127 |    639 |   1804 |   4 |  919.2 |
               +--------+--------+--------+--------+--------+-----+--------+

Top non-repeatable levels by time:
     D:3: 1393 daAuts
     D:2: 1271 daAuts
     D:1: 871 daAuts
     D:4: 140 daAuts
